 Dungeon Crawl Stone Soup version 0.17-a0-83-g894156c (webtiles) character file.

59 Rotinaj the Covered (level 3, -4/33 HPs)
             Began as a Minotaur Fighter on Mar 17, 2015.
             Killed from afar by Ijyb (14 damage)
             ... with a wand of cold
             ... on level 3 of the Dungeon.
             The game lasted 00:08:40 (1476 turns).

Rotinaj the Covered (Minotaur Fighter)              Turns: 1476, Time: 00:08:40

Health: -4/33      AC: 10    Str: 20    XL:     3   Next: 78%
Magic:  2/2        EV:  5    Int:  5    God:
Gold:   101        SH:  9    Dex: 10    Spells: 0 memorised, 2 levels left

rFire  . . .     SeeInvis .     i - +0 hand axe (flame)
rCold  . . .     Clarity  .     m - +1 chain mail
rNeg   . . .     SustAb   .     c - +0 shield
rPois  .         Gourm    .     (helmet restricted)
rElec  .         Spirit   .     (no cloak)
rCorr  .         Warding  .     (no gloves)
rMut   .         Stasis   .     (no boots)
MR     .....                    (no amulet)
Stlth  ..........               (no ring)
                                (no ring)

@: not resistant to hostile enchantments, extremely unstealthy
A: retaliatory headbutt, horns 2
a: no special abilities


You were on level 3 of the Dungeon.
You were not hungry.

You visited 1 branch of the dungeon, and saw 3 of its levels.

You collected 101 gold pieces.

Inventory:

Hand weapons
 a - a +0 war axe
 i - a +0 hand axe of flaming (weapon)
Armour
 b - a +0 scale mail
 c - a +0 shield (worn)
 m - a +1 chain mail (worn)
Jewellery
 n - a cursed ring of wizardry
Scrolls
 l - a scroll of teleportation
 p - a scroll of enchant armour
Potions
 d - a potion of curing
 e - a potion of might
 f - a potion of agility
 g - a potion of heal wounds {unknown}
 j - 2 potions of flight {unknown}
 k - a potion of cancellation {unknown}
 o - a potion of brilliance {unknown}
 s - a potion of restore abilities {unknown}
 t - a potion of lignification {unknown}
Comestibles
 h - a beef jerky
 q - a slice of pizza
 r - 4 chunks of flesh
 u - a meat ration


   Skills:
 + Level 4.2 Fighting
 + Level 2.7 Axes
 + Level 4.7 Armour
 + Level 0.2 Dodging
 + Level 4.1 Shields


You had 2 spell levels left.
You didn't know any spells.

Dungeon Overview and Level Annotations

Branches:
Dungeon (3/15)

Altars:
Ashenzari
Trog
Xom
Yredelemnul
The Shining One

Annotations:
D:3 Ijyb


Innate Abilities, Weirdness & Mutations

You reflexively headbutt those who attack you in melee.
You have a pair of horns on your head.


Message History

You kill the rat!
You hit the jackal. You burn the jackal.
You kill the jackal!
You hit Ijyb but do no damage. You block the jackal's attack.
The orc hits you from afar with a trident.
Ijyb zaps a wand.
The bolt of cold hits you!
Ouch! That really hurt!
It is a wand of cold.
You slash the jackal! You burn the jackal.
You kill the jackal!
You hit Ijyb but do no damage. You block the jackal's attack.
You block Ijyb's attack. The orc hits you but does no damage.
Your chain mail prevents you from hitting the jackal.
You closely miss Ijyb. The jackal closely misses you.
Ijyb hits you but does no damage. You block the orc's attack.
You block the jackal's attack.
You hit the jackal! You burn the jackal.
You kill the jackal!
You closely miss Ijyb.
Ijyb zaps a wand.
The bolt of cold hits you!
You die...

##### ### ####...# #..
..##...# #.# #####.##...#
#.# #...#h##...# #####.#
#.#.#.##...#####
...##.###.#.#.##.†.......
.............ho.@........
..........#.#.###g.......
....#######.#.# .......
....# #.#.# ....... ....#
..#.# ....... ###.# ###.#
......
###.#########.########
..................#
###.#########.....#


You could see Ijyb, an orc and a jackal.

Vanquished Creatures
  An adder (D:2)
  A worm (D:2)
  An ooze (D:3)
  An orc (D:3)
  4 bats
  A giant cockroach (D:2)
  5 hobgoblins
  6 jackals
  5 kobolds
  2 quokkas (D:2)
  3 giant newts
  5 goblins
  5 rats
40 creatures vanquished.

Notes
Turn   | Place    | Note
--------------------------------------------------------------
     0 | D:1      | Rotinaj, the Minotaur Fighter, began the quest for the Orb.
     0 | D:1      | Reached XP level 1. HP: 19/19 MP: 1/1
   258 | D:1      | Found a shattered altar of Ashenzari.
   264 | D:1      | Reached XP level 2. HP: 25/27 MP: 1/1
   628 | D:1      | Reached skill level 4 in Armour
   774 | D:2      | Found a bloodstained altar of Trog.
   985 | D:2      | Found a shimmering altar of Xom.
   986 | D:2      | Found a shimmering altar of Xom.
   986 | D:2      | Found a shimmering altar of Xom.
   987 | D:2      | Found a shimmering altar of Xom.
   995 | D:2      | Found a shimmering altar of Xom.
   996 | D:2      | Reached XP level 3. HP: 23/33 MP: 2/2
  1084 | D:2      | Found a glowing golden altar of the Shining One.
  1087 | D:2      | Noticed an angel
  1103 | D:2      | Found a basalt altar of Yredelemnul.
  1104 | D:2      | Noticed a profane servitor
  1272 | D:3      | Found a shattered altar of Ashenzari.
  1469 | D:3      | Noticed Ijyb
  1476 | D:3      | Killed from afar by Ijyb

Action                   || total
-------------------------++-------
Melee: Hand axe          ||    66
       War axe           ||     3
  Use: Scroll            ||     7
  Eat: Bread ration      ||     1
